AoeStats
← [ KOF ] M. Kowalski

Arena

509978755Analyzed
1v1 RM · 2d ago on Sep 28, 2026· 58m 22s· 2 players
Game mode
Random Map
Map size
Tiny (2 player)
Population
200
Speed
Normal
Resources
Standard
Victory
Conquest
Starting age
Dark Age
Ending age
Imperial Age
RankedLock teamsTeams togetherTeam positionsShared explorationLock speedFull tech treeHidden civsTurbo modeCheats
Victory
Defeat
🇲🇽 Italians · Mexico
1131
+15
🇦🇷 Turks · Argentina
1117
-15
[ KOF ] M. Kowalski
5:39 Loom
11:23 Feudal Age
16:08 Castle Age
14:41 Double-Bit Axe
15:45 Horse Collar
18:42 Gold Mining
21:57 Bow Saw
23:41 Fletching
25:38 Bodkin Arrow
32:01 Imperial Age
30:14 Fortified Wall
30:57 Wheelbarrow
32:00 Masonry
32:40 Hand Cart
32:50 Sappers
40:37 Ballistics
40:48 Architecture
42:42 Artillery
45:24 Conscription
46:18 Bracer
46:20 Padded Archer Armor
47:17 Thumb Ring
48:04 Gold Shaft Mining
48:30 Two-Man Saw
47:38 Heavy Plow
48:23 Parthian Tactics
48:14 Leather Archer Armor
49:31 Bloodlines
49:22 Husbandry
52:15 Heavy Cavalry Archer
53:50 Ring Archer Armor
ARGNIZ
10:22 Feudal Age
12:48 Loom
16:06 Castle Age
14:29 Double-Bit Axe
15:35 Fletching
16:22 Padded Archer Armor
17:42 Bow Saw
18:32 Bodkin Arrow
21:00 Horse Collar
22:41 Leather Archer Armor
25:14 Ballistics
25:49 Wheelbarrow
26:08 Horse Collar
33:18 Imperial Age
36:35 Bracer
37:36 Chemistry
40:59 Hand Cart
41:41 Conscription
41:31 Squires
41:38 Scale Mail Armor
43:23 Chain Mail Armor
44:31 Block Printing
44:39 Arson
44:21 Capped Ram
48:13 Elite Genoese Crossbowman
49:55 Redemption
Connection lost

Rejoining the realm…

Still unreachable

The connection could not be restored.

Session expired

The server has moved on; the page needs a fresh start.